 Dungeon Crawl Stone Soup version 0.28.0-53-g5a82cb258f (webtiles) character file.

Game seed: 8621362764904953137

4501 cbfl8 the Cleaver (level 10, -15/91 HPs)
             Began as a Minotaur Berserker on July 26, 2022.
             Was a Priest of Trog.
             Demolished by an orc knight
             ... wielding a +0 war axe
              (17 damage)
             ... in a bailey.
             The game lasted 00:10:03 (9612 turns).

cbfl8 the Cleaver (Minotaur Berserker)              Turns: 9612, Time: 00:10:04

Health: -15/91     AC: 13    Str: 21    XL:     10   Next: 16%
Magic:  9/9        EV: 10    Int:  7    God:    Trog [***...]
Gold:   256        SH:  0    Dex: 15    Spells: 9/9 levels left

rFire   . . .      SeeInvis .   o - +0 war axe
rCold   . . .      Faith    .   (no shield)
rNeg    . . .      Spirit   .   c - +0 chain mail
rPois   .          Reflect  .   z - +0 hat {Int+3}
rElec   .          Harm     .   j - +2 cloak
rCorr   .          Rampage  .   (no gloves)
Will    .....                   (no boots)
Stlth   ..........              l - amulet of magic regeneration
HPRegen 0.25/turn               (no ring)
MPRegen 0.51/turn               (no ring)

@: mighty, on berserk cooldown, slowed, very slow
A: horns 2, retaliatory headbutt
a: Renounce Religion, Berserk, Trog's Hand


You were in a bailey.
You worshipped Trog.
Trog was most pleased with you.
You visited 1 branch of the dungeon, and saw 8 of its levels.
You also visited: Bailey.

You collected 312 gold pieces.
You spent 56 gold pieces at shops.

Inventory:

Hand Weapons
 d - the +8 hunting sling of Exquisite Death {venom, rC+}
   (You found it on level 5 of the Dungeon)

   Any ammunition fired from it poisons the flesh of those it strikes.
   rC:        It protects you from cold.
 k - the +10 whip of Neurosis {venom, rC+ Str+2 Dex+2}
   (You found it on level 6 of the Dungeon)

   It poisons the flesh of those it strikes.
   Str:       It affects your strength (+2).
   Dex:       It affects your dexterity (+2).
   rC:        It protects you from cold.
 o - a +0 war axe (weapon)
Missiles
 f - 157 stones
 r - a throwing net
Armour
 c - a +0 chain mail (worn)
 j - a +2 cloak (worn)
 n - a +0 scale mail
 z - a +0 hat of intelligence (worn)
Jewellery
 l - an amulet of magic regeneration (around neck)
Wands
 b - a wand of flame (20)
 u - a wand of polymorph (11)
 x - a wand of iceblast (7) (quivered)
Scrolls
 e - a scroll of holy word
 h - a scroll of enchant weapon
 i - a scroll of enchant armour
 m - a scroll of silence
 t - a scroll of vulnerability
 v - a scroll of fog
 w - a scroll of teleportation
 y - a scroll of blinking {unknown}
Potions
 a - a potion of cancellation
 p - 2 potions of attraction
 s - 2 potions of lignification
 B - a potion of invisibility {unknown}


   Skills:
 * Level 9.0 Fighting
 + Level 9.9(10.0) Axes
 + Level 1.9(6.5) Maces & Flails
 + Level 7.3 Armour
 * Level 6.5 Dodging
 * Level 4.8 Stealth
 * Level 3.4 Evocations


You had 9 spell levels left.
You didn't know any spells.
Your spell library was empty.

Dungeon Overview and Level Annotations

Branches:
Dungeon (8/15)             Temple (0/1) D:4          Bailey (1/1)
   Lair: D:8-11

Altars:
Ashenzari
Wu Jian

Shops:
D:5 ?

Annotations:
D:5 2 transporters
D:8 exclusion: ice statue


Innate Abilities, Weirdness & Mutations

You have a pair of horns on your head.
You reflexively headbutt those who attack you in melee.


Message History

You feel the effects of Trog's Hand fading.
Your orc priest hits the orc knight but does no damage.
Your orc priest looks encouraged for a moment.
Your orc hits the orc knight with a +0 hand axe.
The orc knight hits you with a +0 war axe!
* * * LOW HITPOINT WARNING * * *
The orc knight hits your orc priest with a +0 war axe!
Your orc priest dies!
Your orc priest's corpse dissolves into shadows!
The orc knight hits your orc priest with a +0 war axe!
Your orc priest dies!
Your orc priest's corpse dissolves into shadows!
The orc knight barely misses your orc.
Your orc priest calls upon Beogh to heal your orc.
Your orc's wounds heal themselves!
You closely miss the orc knight.
The orc knight is moderately wounded.
Your orc hits the orc knight but does no damage.
The orc knight hits you with a +0 war axe!
* * * LOW HITPOINT WARNING * * *
The orc knight hits your orc with a +0 war axe!
Your orc dies!
Your orc's corpse dissolves into shadows!
Your orc priest mumbles some strange prayers to Beogh against the orc knight.
The orc knight resists with significant effort.
The orc knight hits you with a +0 war axe!
* * * LOW HITPOINT WARNING * * *
Unknown command.
You slash the orc knight! You headbutt the orc knight.
The orc knight is severely wounded.
The orc knight hits you with a +0 war axe.
* * * LOW HITPOINT WARNING * * *
The orc knight hits your orc priest with a +0 war axe!
Your orc priest dies!
Your orc priest's corpse dissolves into shadows!
You slash the orc knight!
The orc knight is almost dead.
Your skin stops crawling.
You feel less strong-willed.
The orc knight hits you with a +0 war axe!
You die...

.....#≈≈)≈)#..........#≈≈♣
.....'..o..'....8..8..#≈≈♣
.....#########........#≈≈♣
..# ≈#≈≈≈##......##≈≈♣
...."≈#.(...##...♣
....!≈#....##....♣
..8.8##....#.....♣♣
.....#..o..'......♣
∩...o#.)@..(...∩.∩♣
.....#....('......♣
..8.8##...)#)(...♣♣
....?g#(...##....♣
....:≈#.....##...♣
≈#≈≈≈##......##≈≈♣
.#########........#≈≈♣
.'...K.'....8..8..#≈≈♣
.#≈≈≈≈≈#..........#≈≈♣


You could see an orc warlord, an orc knight and a hobgoblin.

Vanquished Creatures
  Gastronok (D:8)
  A two-headed ogre (D:7)
  An orc knight (Bailey)
  Sigmund (D:2)
  A steam dragon (D:7)
  A water moccasin (D:5)
  An orc warrior (Bailey)
  A sky beast (D:5)
  An ice beast (D:6)
  3 black bears
  A hornet zombie (D:7)
  An ogre (D:5)
  3 necrophages
  A kobold brigand (D:7)
  A bullfrog (D:6)
  2 scorpions
  A water moccasin zombie (D:5)
  A howler monkey (D:6)
  2 centaur zombies
  3 hounds (D:5)
  Crazy Yiuf (D:2)
  2 orc priests
  A centaur skeleton (D:5)
  A scorpion zombie (D:5)
  Jessica (D:2)
  A bullfrog skeleton (D:7)
  An iguana (D:4)
  3 orc wizards
  A hound zombie (D:5)
  A hound skeleton (D:4)
  7 gnolls
  3 adders
  An ufetubus (D:6)
  An adder skeleton (D:4)
  A worm (D:2)
  A dart slug (D:5)
  23 orcs
  3 ball pythons
  3 bats
  7 endoplasms
  5 giant cockroaches
  12 goblins
  5 hobgoblins
  7 jackals
  3 quokkas (D:1)
  3 frilled lizards
  16 kobolds
  7 rats
149 creatures vanquished.

Vanquished Creatures (others)
  4 fungi (D:2)
4 creatures vanquished.

Grand Total: 153 creatures vanquished

Notes
Turn   | Place    | Note
-------+----------+-------------------------------------------
     0 | D:1      | cbfl8 the Minotaur Berserker began the quest for the Orb.
     0 | D:1      | Reached XP level 1. HP: 19/19 MP: 0/0
   206 | D:1      | Reached XP level 2. HP: 23/27 MP: 1/1
   336 | D:1      | Found a faded altar of an unknown god.
  1175 | D:2      | Noticed Sigmund
  1183 | D:2      | Killed Sigmund
  1184 | D:2      | Reached skill level 5 in Fighting
  1184 | D:2      | Reached skill level 1 in Stealth
  1184 | D:2      | Reached XP level 3. HP: 36/36 MP: 2/2
  1184 | D:2      | Reached XP level 4. HP: 42/42 MP: 3/3
  1184 | D:2      | Reached XP level 5. HP: 48/48 MP: 4/4
  1247 | D:2      | Noticed Jessica
  1255 | D:2      | Killed Jessica
  1911 | D:2      | Reached skill level 5 in Axes
  2305 | D:2      | Found a runed translucent door.
  2306 | D:2      | Noticed Crazy Yiuf
  2312 | D:2      | Killed Crazy Yiuf
  2563 | D:3      | Reached ** piety under Trog
  3020 | D:3      | Reached XP level 6. HP: 56/56 MP: 5/5
  3808 | D:4      | Found a staircase to the Ecumenical Temple.
  3941 | D:4      | Found an ornate altar of the Wu Jian Council.
  4339 | D:5      | Entered Level 5 of the Dungeon
  4348 | D:5      | Reached XP level 7. HP: 55/63 MP: 6/6
  4389 | D:5      | Found Jithru's Magic Scroll Boutique.
  4397 | D:5      | Bought a scroll of identify for 28 gold pieces
  4397 | D:5      | Bought a scroll of identify for 28 gold pieces
  4538 | D:5      | Found a transporter.
  5324 | D:5      | Found a transporter.
  5747 | D:5      | Reached XP level 8. HP: 71/71 MP: 7/7
  5749 | D:5      | Identified the +8 hunting sling of Exquisite Death {venom,
                  | rC+}
  6248 | D:6      | Reached skill level 5 in Dodging
  6568 | D:6      | Reached skill level 5 in Armour
  6785 | D:6      | Found a broken altar of Ashenzari.
  6925 | D:6      | Reached skill level 1 in Evocations
  6958 | D:6      | Identified the +10 whip of Neurosis {venom, rC+ Str+2
                  | Dex+2}
  6984 | D:6      | Reached *** piety under Trog
  7506 | D:7      | Reached XP level 9. HP: 80/80 MP: 8/8
  7753 | D:7      | Noticed a two-headed ogre
  7762 | D:7      | Killed a two-headed ogre
  7763 | D:7      | Reached skill level 1 in Maces & Flails
  9169 | D:8      | Noticed an ice devil
  9173 | D:8      | Noticed an ice devil
  9175 | D:8      | Noticed an ice devil
  9175 | D:8      | Noticed an ice devil
  9175 | D:8      | Noticed an ice statue
  9175 | D:8      | Noticed an ice devil
  9175 | D:8      | Noticed an ice devil
  9194 | D:8      | Noticed Gastronok
  9206 | D:8      | Killed Gastronok
  9207 | D:8      | Reached XP level 10. HP: 75/90 MP: 9/9
  9441 | D:8      | Found a flagged portal.
  9460 | Bailey   | Entered a bailey
  9496 | Bailey   | Noticed an orc warlord
  9567 | Bailey   | Noticed an orc knight
  9577 | Bailey   | Noticed an orc knight
  9584 | Bailey   | Killed an orc knight
  9611 | Bailey   | HP: 2/91 [orc knight/+0 war axe (5)]
  9612 | Bailey   | Demolished by an orc knight

Illustrated notes

Levels and vault maps discovered:
D:1:      erik_arrival_blinker_ship, layout_basic,
          shapermc_ecumenical_altar_totnotflames
D:2:      layout_loops_corners, uniq_jessica, uniq_sigmund,
          uniq_crazy_yiuf_cottage
D:3:      layout_basic
D:4:      layout_basic, nicolae_wu_jian_immortal_techniques,
          minmay_temple_entry_poolview
D:5:      gammafunk_steamed_eel, layout_basic, serial_shops, shop,
          grunt_ministairs_7
D:6:      layout_cave_pods, mainiacjoe_overflow_alcove_4, serial_column_ruins,
          column_ruins_columns_straight, column_ruins_open_small,
          column_ruins_open_tiny, column_ruins_corridor_corner,
          column_ruins_corridor_plus, kennysheep_generic_room_5
D:7:      layout_layer_cave
D:8:      cheibrodos_frozen_isle, layout_basic, lightli_bailey_entry_fortress,
          minmay_between, uniq_gastronok
Bailey:   bailey_axe_bossmonster_kennysheep, bailey

Skill      XL: |  1  2  3  4  5  6  7  8  9 10 |
---------------+-------------------------------+-----
Fighting       | 5 6 7 8 9 |  9.0
Axes           | 4 5 6 7 8 9 |  9.9
Armour         | 3 4 5 7 |  7.3
Dodging        | 3 4 5 6 |  6.5
Stealth        | 1 2 3 4 |  4.8
Evocations     | 1 3 |  3.4
Maces & Flails | 1 |  1.9

Action                   |  1- 3 |  4- 6 |  7- 9 | 10-12 || total
-------------------------+-------+-------+-------+-------++-------
Melee: Hand axe          |    52 |    90 |       |       ||   142
       Headbutt          |     5 |    26 |    34 |    11 ||    76
       Punch             |       |     6 |     4 |       ||    10
       War axe           |       |    38 |   141 |    56 ||   235
       Whip              |       |       |    13 |       ||    13
Invok: Berserk           |     1 |     3 |     5 |     1 ||    10
       Trog's Hand       |       |       |       |     1 ||     1
  Use: Scroll            |       |     7 |    10 |     3 ||    20
       Potion            |       |       |     1 |     1 ||     2
 Stab: Sleeping          |       |     1 |       |       ||     1
Armor: Leather armour    |    13 |    16 |       |       ||    29
       Animal skin       |     2 |       |       |       ||     2
       Scale mail        |       |    26 |    29 |       ||    55
       Chain mail        |       |       |    78 |    21 ||    99
Dodge: Dodged            |    40 |    68 |    94 |    30 ||   232
